Map: Bridgehead LE (Void)

Players

SticklerMac

  • Race: Zerg Zerg
  • League: Bronze

Botiz - Winner!

  • Race: Zerg Zerg
  • League: Bronze

VOD

Have the link to the VOD?

Description

Time

  • Played on: July 18, 2015, 11:27 p.m.
  • Length: 5:16
Show
View Real Time Build Order
Export as new Build Order

SticklerMac Zerg 

Build Orders: Pool First 

Get SALT Encoding   

  12  0:00  Drone  
  13  0:07  Drone  
  14  0:17  Drone, Extractor  
  14  0:32  Spawning Pool  
  13  0:39  Overlord  
  13  0:45  Drone  
  14  1:15  Hatchery  
  13  1:21  Drone  
  14  1:32  Metabolic Boost  
  14  1:37  Drone  
  14  1:39  Drone  
  16  1:52  Queen  
  18  1:57  Drone  
  18  2:01  Drone  
  20  2:09  Overlord  
  20  2:15  Zergling x2  
  21  2:21  Zergling x2  
  22  2:28  Baneling Nest, Zergling x2  
  22  2:32  Zergling x2  
  23  2:40  Drone  
  23  2:41  Drone  
  25  2:48  Drone  
  26  2:55  Zergling x2  
  27  2:58  Queen  
  27  3:02  Drone  
  27  3:05  Drone  
  31  3:10  Drone x2  
  33  3:18  Zergling x4  
  33  3:37  Zergling x8  
  33  3:39  Overlord  
  36  3:49  Baneling  
  36  3:50  Baneling x3  
  33  3:57  Zergling x4  
  33  3:58  Zergling x8  
  37  4:09  Zergling x4  
  28  4:19  Zergling x4  
  16  4:27  Drone  
  17  4:38  Drone  
  17  4:47  Drone x2  
  19  4:55  Drone  
  20  5:02  Drone  
  20  5:04  Drone  
Show
View Real Time Build Order
Export as new Build Order

Botiz Zerg - Winner!

Build Orders: Pool First, Zergling Baneling 

Get SALT Encoding   

  12  0:01  Drone  
  13  0:08  Drone  
  14  0:28  Spawning Pool  
  14  0:29  Extractor  
  14  0:33  Drone  
  13  0:36  Drone  
  14  1:13  Hatchery  
  13  1:21  Queen  
  13  1:22  Extractor  
  15  1:28  Overlord  
  15  1:38  Metabolic Boost  
  15  1:48  Overlord  
  15  1:57  Drone x2  
  17  2:10  Drone x2  
  19  2:24  Baneling Nest, Drone  
  19  2:25  Zergling x2  
  20  2:33  Overlord  
  20  2:34  Zergling x2  
  20  2:36  Zergling x2  
  22  2:40  Zergling x2  
  23  2:47  Zergling x2  
  24  2:52  Zergling x4  
  28  3:05  Zergling x6  
  28  3:06  Zergling x2  
  28  3:09  Zergling x2  
  31  3:24  Zergling x8  
  35  3:31  Baneling x2  
  35  3:32  Baneling x2  
  35  3:33  Baneling  
  34  3:40  Zergling x4  
  35  4:01  Baneling x4  
  26  4:20  Zergling x2  
  26  4:21  Zergling x12  
  26  4:33  Queen  
  26  4:36  Zergling x4  
  30  4:40  Zergling x2  
  30  4:45  Zergling x2  
  32  4:48  Baneling  
  32  4:49  Baneling  
  32  4:52  Zergling x2  
  33  4:54  Zergling x2  
  34  5:01  Baneling  
Tags
 
Add a new tag
Caveats
  • Supply blocks, unpowered buildings, or Contaminate may cause inaccurate times.
  • Supply counts are checked every 10 seconds.